 Dungeon Crawl Stone Soup version 0.32-a0-995-gb4a59205af (webtiles) character file.

Game seed: 4967467752386784395

72085 bobo the Warrior (level 15, -7/149 HPs)
             Began as a Minotaur Berserker on Apr 23, 2024.
             Was a High Priest of Trog.
             Mangled by a bunyip (13 damage)
             ... on level 1 of the Swamp.
             The game lasted 00:44:36 (18821 turns).

bobo the Warrior (Minotaur Berserker)              Turns: 18821, Time: 00:44:37

Health: -7/149     AC: 22    Str: 35    XL:     15   Next: 0%
Magic:  14/14      EV: 10    Int: 10    God:    Trog [*****.]
Gold:   1419       SH:  0    Dex:  6    Spells: 14/14 levels left

rFire   . . .        B - +2 battleaxe (flame)
rCold   . . .        (shield currently unavailable)
rNeg    . . .        M - +0 shadow dragon scales
rPois   +            (helmet restricted)
rElec   .            o - +0 cloak
rCorr   +            y - +2 pair of gloves
SInv    .            (no boots)
Will    +++..        d - amulet of faith
Stlth   +            c - +6 ring of strength
HPRegen 1.44/turn    p - ring of Losieciq {rPois rCorr Int+6 Dex-4}
MPRegen 0.14/turn

%: faith
@: marked, strong-willed (expiring), regenerating (expiring), very slow
A: horns 2, retaliatory headbutt
a: Renounce Religion, Berserk, Trog's Hand, Brothers in Arms


You were on level 1 of the Swamp.
You worshipped Trog.
Trog was extremely pleased with you.
You visited 4 branches of the dungeon, and saw 18 of its levels.
You also visited: Ossuary and Volcano.

You collected 1419 gold pieces.

Inventory:

Hand Weapons
 B - a +2 battleaxe of flaming (weapon)
 I - a +2 hand axe of electrocution
Missiles
 m - 8 poisoned darts (quivered)
 C - 2 javelins
 P - 3 curare-tipped darts
Armour
 o - a +0 cloak (worn)
 y - a +2 pair of gloves (worn)
 M - +0 shadow dragon scales (worn)
Jewellery
 c - a +6 ring of strength (left hand)
 d - an amulet of faith (around neck)
 p - the ring of Losieciq (right hand) {rPois rCorr Int+6 Dex-4}
   (You acquired it on level 5 of the Dungeon)

   [ring of intelligence]

   Int+6:     It affects your intelligence (+6).
   Dex-4:     It affects your dexterity (-4).
   rPois:     It protects you from poison.
   rCorr:     It protects you from acid and corrosion.
 N - a +6 ring of intelligence
Wands
 a - a wand of acid (6)
 b - a wand of mindburst (24)
 w - a wand of paralysis (14)
 E - a wand of flame (32)
 J - a wand of digging (5)
Scrolls
 e - 3 scrolls of immolation
 f - 2 scrolls of blinking
 g - 8 scrolls of teleportation
 j - a scroll of silence
 k - 3 scrolls of vulnerability
 q - a scroll of brand weapon
 s - 6 scrolls of fog
 t - a scroll of amnesia
 D - 5 scrolls of torment
 L - a scroll of enchant armour
 O - a scroll of revelation
Potions
 h - 3 potions of mutation
 i - 5 potions of curing
 l - a potion of heal wounds
 n - 4 potions of haste
 r - a potion of degeneration {unknown}
 u - 3 potions of magic
 v - 2 potions of berserk rage
 z - 4 potions of resistance
 F - 2 potions of might
 G - 2 potions of ambrosia
 H - a potion of attraction {unknown}
 K - a potion of cancellation {unknown}


   Skills:
 + Level 18.0 Fighting
 + Level 17.9 Axes
 - Level 5.0 Throwing
 - Level 12.0 Armour
 + Level 9.2 Dodging
 + Level 9.2 Evocations


You had 14 spell levels left.
You didn't know any spells.
Your spell library was empty.

Dungeon Overview and Level Annotations

Branches:
Dungeon (10/15)            Temple (0/1) D:7            Lair (5/5) D:9
  Swamp (1/4) Lair:2        Snake (0/4) Lair:3          Orc (2/2) D:10
Ossuary (visited)         Volcano (visited)
  Slime: Lair:4-5       Elf: Orc:2

Altars:
Elyvilon
Nemelex Xobeh
Xom
Jiyva

Shops:
D:8 (

Annotations:
D:5 1 runed translucent door, bigduke15's ghost, novice MDBe
Lair:2 1 runed translucent door, Ugeubom's ghost, journeyman DrSh
Lair:4 1 runed translucent door, Ahar's ghost, journeyman HONe
Lair:5 exclusion: oklob plant


Innate Abilities, Weirdness & Mutations

You have a pair of horns on your head.
You reflexively headbutt those who attack you in melee.


Message History

* * * LOW HITPOINT WARNING * * *
The swamp worm is engulfed in poison gas.
The swamp worm looks even sicker.
You feel the effects of Trog's Hand fading.
Trog accepts your kill.
You hear a splash.
You feel a bit more experienced.
The alligator is engulfed in poison gas.
The alligator looks as sick as possible!
You kill the alligator!
Trog accepts your kill.
The will-o-the-wisp attacks as it pursues you!
The will-o-the-wisp closely misses you.
You have reached level 15!
Your experience leads to an increase in your attributes!
Your base attributes are Str 27, Int 4, Dex 10.
Increase (S)trength, (I)ntelligence, or (D)exterity?
You feel stronger. x2
You feel much better. The alligator tail-slaps you!
* * * LOW HITPOINT WARNING * * *
The alligator bites you!
* * * LOW HITPOINT WARNING * * *
The alligator drags you backwards!
Unknown command.
You feel much better.
The swamp drake no longer looks unusually strong.
The swamp worm no longer looks unusually strong.
The alligator tail-slaps you!
* * * LOW HITPOINT WARNING * * *
The alligator closely misses you.
The will-o-the-wisp engulfs you but does no damage.
A bloated husk comes into view.
The alligator tail-slaps you.
* * * LOW HITPOINT WARNING * * *
The alligator bites you!!
* * * LOW HITPOINT WARNING * * *
The alligator drags you backwards!
Splash!
The bunyip claws you!
You die...

.~~. ♣....~~~~♣♣♣
♣...♣♣ ♣♣.(~~~~○♣H§
♣...~♣♣♣♣♣~.i~~~Z○○○§
♣.~.~~~♣♣♣††).il♣§~.
♣...§~..i..†ti♣♣♣♣♣
♣.~~wi○n~~~~.♣
♣.~~~~°~)°~~.♣♣
♣♣♣♣♣x~~H°~~~~~.~♣
♣♣♣<..@lk°○........♣
♣...~v.)~~..♣~~~..~♣
♣~~~...○○~.~♣♣♣...~♣
♣♣.~~~.~~~.♣♣ ♣...♣♣
♣♣.~~...~♣♣ ♣♣♣♣♣
♣♣..(♣♣♣♣ ♣♣♣♣♣


You could see a bunyip, a fenstrider witch, an alligator (strong, extremely
poisoned), a will-o-the-wisp, a swamp worm (very poisoned), a swamp drake, a
bloated husk and 2 spriggans.

Vanquished Creatures
  Azrael (Orc:2)
  A fire dragon (Volcano)
  6 hydras
  5 alligators (Swamp:1)
  3 two-headed ogres
  A catoblepas (Lair:5)
  18 death yaks
  A deep troll shaman (Lair:5)
  An orc high priest (Orc:2)
  Sonja (Orc:1)
  4 sun demons (Volcano)
  A spriggan druid (Swamp:1)
  A bog body (Swamp:1)
  Pikel (D:6)
  2 lindwurms (Lair:4)
  A cyclops (Orc:2)
  23 elephants
  A smoke demon (Volcano)
  A torpor snail (Lair:4)
  10 cane toads
  3 komodo dragons
  3 hornets
  4 trolls
  3 polar bears (Lair:5)
  2 tyrant leeches (Swamp:1)
  18 blink frogs
  13 dream sheep
  50 yaks
  2 spriggans (Swamp:1)
  4 wyverns
  A fire elemental (Orc:2)
  A warg (Orc:1)
  3 basilisks
  A vampire mosquito (Swamp:1)
  7 steam dragons
  3 nagas (Lair:3)
  2 swamp worms
  6 hell hounds
  14 water moccasins
  Duvessa (D:6)
  2 sky beasts
  An ice beast (D:6)
  7 black bears
  6 orc warriors
  17 wolves
  2 centaurs
  2 ogres
  2 phantoms
  2 lemures (D:6)
  16 bullfrogs
  2 kobold brigands
  A gnoll sergeant (D:9)
  9 scorpions
  3 wights (D:9)
  Dowan (D:6)
  An electric eel (D:9)
  2 bombardier beetles
  4 howler monkeys
  2 centaur zombies (Ossuary)
  4 jellies
  15 orc priests
  3 hounds
  Crazy Yiuf (D:6)
  A sleepcap (D:6)
  2 iguanas
  22 orc wizards
  4 scorpion zombies (Ossuary)
  4 mummies
  Robin (D:3)
  6 gnolls
  7 adders
  2 shadow imps (D:6)
  A white imp (D:7)
  3 adder zombies (Ossuary)
  5 dart slugs
  2 ribbon worms (D:2)
  50 orcs
  9 ball pythons
  9 endoplasms
  5 giant cockroaches
  11 goblins
  8 hobgoblins
  2 jackals (D:4)
  4 quokkas
  4 ball python zombies (Ossuary)
  4 bats
  A frilled lizard (D:1)
  3 gnoll zombies (Ossuary)
  A jackal zombie (Ossuary)
  16 kobolds
  2 orc zombies (Ossuary)
  7 rats
525 creatures vanquished.

Vanquished Creatures (collateral kills)
  An alligator (Swamp:1)
  2 death yaks (Lair:4)
  3 orc sorcerers (Orc:2)
  2 elephants (Lair:3)
  2 komodo dragons
  A hornet (Swamp:1)
  A wyvern (D:9)
  A yak (D:9)
  2 basilisks
  3 bullfrogs
  2 orc wizards (Orc:2)
20 creatures vanquished.

Vanquished Creatures (others)
  A bloated husk (Swamp:1)
  A steam dragon (Volcano)
  A vampire mosquito (Swamp:1)
  5 foxfires (Swamp:1)
8 creatures vanquished.

Grand Total: 553 creatures vanquished

Notes
Turn   | Place    | Note
-------+----------+-------------------------------------------
     0 | D:1      | bobo the Minotaur Berserker began the quest for the Orb.
     0 | D:1      | Reached XP level 1. HP: 19/19 MP: 0/0
   626 | D:1      | Reached XP level 2. HP: 27/27 MP: 1/1
   760 | D:1      | Found a faded altar of an unknown god.
  1062 | D:2      | Reached skill level 4 in Fighting
  1201 | D:2      | Reached XP level 3. HP: 33/33 MP: 2/2
  1671 | D:2      | Reached ** piety under Trog
  1983 | D:3      | Reached XP level 4. HP: 33/41 MP: 3/3
  2196 | D:3      | Reached skill level 1 in Throwing
  2201 | D:3      | Reached skill level 5 in Fighting
  2201 | D:3      | Reached skill level 5 in Axes
  2208 | D:3      | Reached XP level 5. HP: 28/48 MP: 4/4
  2349 | D:3      | Noticed Robin
  2375 | D:3      | Killed Robin
  2754 | D:4      | Reached XP level 6. HP: 49/57 MP: 5/5
  3165 | D:5      | Entered Level 5 of the Dungeon
  3180 | D:5      | Found a sand-covered staircase.
  3206 | D:5      | Reached skill level 6 in Fighting
  3211 | Ossuary  | Entered an ossuary
  3256 | Ossuary  | Reached *** piety under Trog
  3304 | Ossuary  | Reached XP level 7. HP: 64/64 MP: 6/6
  3402 | Ossuary  | Reached skill level 7 in Fighting
  3510 | Ossuary  | Reached XP level 8. HP: 73/73 MP: 7/7
  3718 | D:5      | Reached skill level 5 in Throwing
  3920 | D:5      | Reached skill level 8 in Fighting
  3935 | D:5      | Found a runed translucent door.
  3943 | D:5      | Noticed bigduke15's ghost (novice MDBe)
  4072 | D:5      | Reached **** piety under Trog
  4148 | D:5      | Identified a scroll of acquirement
  4148 | D:5      | Acquired the ring of Losieciq {rPois rCorr Int+6 Dex-4}
  5064 | D:6      | Noticed Pikel
  5078 | D:6      | Killed Pikel
  5079 | D:6      | Reached skill level 9 in Fighting
  5079 | D:6      | Reached skill level 5 in Armour
  5079 | D:6      | Reached XP level 9. HP: 69/83 MP: 8/8
  5480 | D:6      | Noticed Duvessa
  5480 | D:6      | Noticed Dowan
  5488 | D:6      | Killed Duvessa
  5494 | D:6      | Killed Dowan
  6026 | D:6      | Found a runed translucent door.
  6027 | D:6      | Noticed Crazy Yiuf
  6032 | D:6      | Killed Crazy Yiuf
  6095 | D:7      | Noticed a two-headed ogre
  6104 | D:7      | Killed a two-headed ogre
  6105 | D:7      | Reached skill level 10 in Fighting
  6105 | D:7      | Reached skill level 10 in Axes
  6651 | D:7      | Found a staircase to the Ecumenical Temple.
  7257 | D:8      | Reached XP level 10. HP: 61/94 MP: 9/9
  7360 | D:8      | Found Ewogead's Antique Weapon Boutique.
  7636 | D:8      | Reached skill level 11 in Fighting
  7636 | D:8      | Reached ***** piety under Trog
  8379 | D:9      | Found a staircase to the Lair.
  8747 | D:9      | Reached skill level 12 in Fighting
  8804 | D:9      | Found a white marble altar of Elyvilon.
  8949 | D:9      | Found a sparkling altar of Nemelex Xobeh.
  9256 | D:10     | Entered Level 10 of the Dungeon
  9262 | D:10     | Reached skill level 10 in Armour
  9268 | D:10     | Reached XP level 11. HP: 94/105 MP: 10/10
  9461 | D:10     | Noticed a two-headed ogre
  9471 | D:10     | Killed a two-headed ogre
  9550 | D:10     | Found a staircase to the Orcish Mines.
 10092 | Lair:1   | Entered Level 1 of the Lair of Beasts
 10312 | Lair:1   | Reached skill level 13 in Fighting
 10355 | Lair:1   | Found a dark tunnel.
 10366 | Volcano  | Entered a volcano
 10441 | Volcano  | Noticed a sun demon
 10452 | Volcano  | Killed a sun demon
 10458 | Volcano  | Noticed a sun demon
 10472 | Volcano  | Killed a sun demon
 10709 | Volcano  | Noticed a sun demon
 10721 | Volcano  | Killed a sun demon
 10728 | Volcano  | Noticed a sun demon
 10736 | Volcano  | Killed a sun demon
 10929 | Volcano  | Noticed a fire dragon
 10939 | Volcano  | Killed a fire dragon
 10940 | Volcano  | Reached skill level 14 in Fighting
 11343 | Lair:2   | Reached XP level 12. HP: 111/117 MP: 11/11
 11377 | Lair:2   | Reached skill level 1 in Evocations
 11392 | Lair:2   | Found a runed translucent door.
 11394 | Lair:2   | Found a shimmering altar of Xom.
 11394 | Lair:2   | Noticed Ugeubom's ghost (journeyman DrSh)
 11395 | Lair:2   | Identified the +4 long sword of the Muttering Gods {chaos,
                  | rF+ rN+ Int+4 Dex-5}
 11573 | Lair:2   | Found a staircase to the Swamp.
 11827 | Lair:2   | Received a gift from Trog
 12237 | Lair:2   | You fall into a shaft and drop 2 floors!
 12237 | Lair:4   | Noticed a death yak
 12237 | Lair:4   | Noticed a death yak
 12237 | Lair:4   | Noticed a death yak
 12237 | Lair:4   | Noticed a death yak
 12238 | Lair:4   | Noticed a death yak
 12239 | Lair:4   | Noticed a death yak
 12243 | Lair:4   | Killed a death yak
 12244 | Lair:4   | Killed a death yak
 12245 | Lair:4   | Reached skill level 15 in Fighting
 12248 | Lair:4   | Killed a death yak
 12250 | Lair:4   | Killed a death yak
 12251 | Lair:4   | Reached skill level 15 in Axes
 12252 | Lair:4   | Killed a death yak
 12252 | Lair:4   | Killed a death yak
 12372 | Lair:4   | Reached skill level 5 in Evocations
 12575 | Lair:4   | Noticed a five-headed hydra
 12593 | Lair:4   | Killed a two-headed hydra
 12844 | Lair:4   | Reached XP level 13. HP: 128/128 MP: 12/12
 13297 | Lair:3   | Reached skill level 16 in Fighting
 13850 | Lair:3   | Reached skill level 5 in Dodging
 14312 | Lair:3   | Found a staircase to the Snake Pit.
 15335 | Lair:4   | Found a runed translucent door.
 15339 | Lair:4   | Noticed Ahar's ghost (journeyman HONe)
 15340 | Lair:4   | Identified the +4 spear of Benevolence {heavy, ^Drain MP+9
                  | Dex+5 Stlth+}
 15541 | Lair:5   | Entered Level 5 of the Lair of Beasts
 15944 | Lair:5   | Reached XP level 14. HP: 106/138 MP: 13/13
 16210 | Lair:5   | Reached skill level 17 in Fighting
 17296 | Lair:5   | Found a viscous altar of Jiyva.
 17679 | Orc:1    | Entered Level 1 of the Orcish Mines
 17679 | Orc:1    | Noticed Sonja
 17692 | Orc:1    | Killed Sonja
 17938 | Orc:2    | Entered Level 2 of the Orcish Mines
 18028 | Orc:2    | Noticed Azrael
 18064 | Orc:2    | Killed Azrael
 18389 | Swamp:1  | Entered Level 1 of the Swamp
 18805 | Swamp:1  | HP: 3/141 [will-o-the-wisp/foxfire (30)]
 18812 | Swamp:1  | Noticed a fenstrider witch
 18815 | Swamp:1  | Received a gift from Trog
 18818 | Swamp:1  | Reached skill level 18 in Fighting
 18820 | Swamp:1  | Reached XP level 15. HP: 18/149 MP: 14/14
 18821 | Swamp:1  | HP: 6/149 [alligator (21)]
 18821 | Swamp:1  | Mangled by a bunyip

Illustrated notes

Levels and vault maps discovered:
D:1:      psy_arrival_conway, layout_basic,
          shapermc_ecumenical_altar_mp_urbaneastern
D:2:      layout_loops_corners
D:3:      layout_basic, kennysheep_generic_room_13, uniq_robin
D:4:      layout_rooms, corexii_shack, nrook_loot_triangle
D:5:      layout_basic, gup_ossuary_entry_pyramid,
          ebering_ghost_reflecting_pool, kennysheep_opposing_triangles
D:6:      layout_basic, uniq_crazy_yiuf_cottage, uniq_duvessa, uniq_pikel
D:7:      layout_basic, minmay_temple_entry_slanted
D:8:      layout_basic, serial_shops, shop, minmay_misc_feat_chi,
          hangedman_abyss_or_decor_lesser_grid
D:9:      layout_stronghold, nicolae_overflow_squiral, david_lair_generic,
          nicolae_wwwww, roderic_serpentine_path
D:10:     layout_long_grid, minivault_10
Lair:1:   layout_hall_layers, enter_volcano_2, grunt_megastairs_2
Lair:2:   layout_small_grid, minmay_swamp_entry_worms, ebering_ghost_xom
Lair:3:   layout_small_grid, nicolae_snake_entry_squirm, grunt_megastairs_4
Lair:4:   layout_roguey, ebering_ghost_funeral_grove, nicolae_lair_lindhole,
          grunt_megastairs_3, serial_bayou_shore_b
Lair:5:   grunt_lair_end_beastmaster, layout_cellular_growth,
          minmay_slime_entry_oklob_enclosed
Swamp:1:  layout_basic_swamp, serial_swamp_ruin, evilmike_swamp_ruin_rubble_1,
          evilmike_swamp_ruin_house_2
Orc:1:    layout_diamond_mine, basic_altar, uniq_sonja
Orc:2:    st_orc_mages, layout_caves, special_room, uniq_nessos, uniq_azrael

Skill      XL: |  1  2  3  4  5  6  7  8  9 10 11 12 13 14 |
---------------+-------------------------------------------+-----
Fighting       | 4 5 6 7 9 10 12 14 15 16 18 | 18.0
Axes           | 4 5 6 7 9 10 12 13 15 16 17 | 17.9
Throwing       | 1 2 3 4 5 |  5.0
Armour         | 5 7 10 12 | 12.0
Evocations     | 5 7 9 |  9.2
Dodging        | 6 9 |  9.2

Action                     |  1- 3 |  4- 6 |  7- 9 | 10-12 | 13-15 || total
---------------------------+-------+-------+-------+-------+-------++-------
  Melee: Hand axe          |    56 |   140 |   232 |   202 |       ||   630
         Headbutt          |     6 |    18 |    49 |    66 |   101 ||   240
         Battleaxe         |       |       |       |   170 |   453 ||   623
  Throw: Dart              |     3 |    26 |     5 |    26 |   106 ||   166
 Invoke: Trog's Hand       |       |     4 |     2 |    14 |    17 ||    37
         Berserk           |       |       |     2 |     1 |     1 ||     4
         Brothers in Arms  |       |       |       |     8 |     4 ||    12
  Evoke: Wand              |       |       |     1 |     6 |     6 ||    13
    Use: Potion            |       |     1 |       |     1 |     5 ||     7
         Scroll            |       |     7 |     6 |    11 |     8 ||    32
   Stab: Distracted        |       |       |       |     1 |       ||     1
         Sleeping          |       |       |       |       |     2 ||     2
 Armour: Animal skin       |    24 |       |       |       |       ||    24
         Plate armour      |     6 |   121 |   173 |   427 |       ||   727
         Leather armour    |     3 |       |       |       |       ||     3
         Shadow dragon sca |       |       |       |       |   512 ||   512
  Dodge: Dodged            |    28 |    71 |    58 |   168 |   193 ||   518

Table legend: (Time is in decaauts)
 A = Elapsed time spent in this place.
 B = Non-inter-level travel time spent in this place.
 C = Inter-level travel time spent in this place.
 D = Time resting spent in this place.
 E = Time spent auto-exploring this place.
 F = Levels seen in this place.
 G = Mean time per level.
                   A        B        C        D        E       F      G
               +--------+--------+--------+--------+--------+-----+--------+
         Total |  18694 |  18084 |    610 |    745 |  14273 |  20 |  934.7 |
       Dungeon |   9694 |   9328 |    366 |     38 |   8029 |  10 |  969.4 |
          Lair |   6870 |   6648 |    222 |     34 |   5511 |   5 | 1374.0 |
         Swamp |    445 |    445 |      0 |    193 |    186 |   1 |  445.0 |
  Orcish Mines |    623 |    603 |     20 |    163 |    233 |   2 |  311.5 |
       Ossuary |    410 |    410 |      0 |      0 |    195 |   1 |  410.0 |
       Volcano |    649 |    649 |      0 |    317 |    118 |   1 |  649.0 |
               +--------+--------+--------+--------+--------+-----+--------+

Top non-repeatable levels by time:
  Lair:5: 2001 daAuts
  Lair:3: 1620 daAuts
     D:5: 1426 daAuts
  Lair:4: 1359 daAuts
  Lair:2: 1285 daAuts
     D:9: 1284 daAuts
     D:6: 1088 daAuts
     D:7: 1062 daAuts
     D:1: 1040 daAuts
     D:2: 942 daAuts
    D:10: 847 daAuts
     D:8: 808 daAuts
     D:3: 692 daAuts
 Volcano: 649 daAuts
  Lair:1: 602 daAuts
